 Dungeon Crawl Stone Soup version 0.28-a0-1616-g050a50673c (webtiles) character file.

Game seed: 7637027264039105420

814 grumblor the Covert (level 7, -6/48 HPs)
             Began as an Octopode Brigand on Jan 22, 2022.
             Mangled by an ice beast (12 damage)
             ... on level 5 of the Dungeon.
             The game lasted 00:08:54 (6861 turns).

grumblor the Covert (Octopode Brigand)              Turns: 6861, Time: 00:08:54

Health: -6/48      AC:  1    Str: 10    XL:     7   Next: 93%
Magic:  10/10      EV: 14    Int: 13    God:
Gold:   163        SH:  0    Dex: 16    Spells: 10/10 levels left

rFire   + . .      SeeInvis +   g - +3 dagger (freeze)
rCold   . . .      Faith    .   (no shield)
rNeg    . . .      Spirit   .   d - +0 hat {SInv}
rPois   +          Reflect  .   (no amulet)
rElec   .          Harm     .   e - ring of poison resistance
rCorr   .          Rampage  .   m - ring of protection from fire
Will    .....                   (no ring)
Stlth   ++++++....              (no ring)
HPRegen 0.16/turn               (no ring)
MPRegen 0.12/turn               (no ring)
                                (no ring)
                                (no ring)

@: no status effects
A: almost no armour, amphibious, 8 rings, camouflage 1, gelatinous body 1,
(nimble swimmer 1), tentacles
a: no special abilities


You were on level 5 of the Dungeon.
You visited 1 branch of the dungeon, and saw 5 of its levels.

You collected 196 gold pieces.
You spent 33 gold pieces at shops.

Inventory:

Hand Weapons
 g - a +3 dagger of freezing (weapon)
Missiles
 c - a curare-tipped dart (quivered)
Armour
 d - a +0 hat of see invisible (worn)
Jewellery
 e - a ring of poison resistance (left tentacle)
 m - a ring of protection from fire (right tentacle)
Scrolls
 a - a scroll of blinking
 l - a scroll of teleportation
Potions
 f - a potion of degeneration {unknown}
 h - 2 potions of lignification
 i - a potion of invisibility {unknown}
 j - a potion of attraction
 k - 2 potions of curing


   Skills:
 * Level 4.0 Fighting
 - Level 2.0 Short Blades
 - Level 2.0 Throwing
 * Level 2.7 Dodging
 * Level 11.0 Stealth
 * Level 2.2 Spellcasting


You had 10 spell levels left.
You didn't know any spells.
Your spell library contained the following spells:

 Spells                   Type           Power      Damage    Failure   Level
 Beastly Appendage        Tmut           2%         N/A       26%         1
 Sandblast                Erth           2%         2d4       26%         1
 Passwall                 Tmut/Erth      0%         N/A       36%         2
 Wereblood                Tmut           1%         N/A       36%         2
 Spider Form              Tmut/Pois      1%         N/A       58%         3
 Stone Arrow              Conj/Erth      2%         3d7       58%         3


Dungeon Overview and Level Annotations

Branches:
Dungeon (5/15)
 Temple: D:4-7

Altars:

Shops:
D:3 !


Innate Abilities, Weirdness & Mutations

You cannot wear most types of armour.
You are amphibious.
You can wear up to eight rings at the same time.
Your skin changes colour to match your surroundings (Stealth+).
Your rubbery body absorbs attacks. (AC +1, EV +1)
((You are camouflaged when in or above water. (Stealth+)))
You have tentacles for arms and can constrict up to eight enemies at once.


Message History

You squeeze the ice beast, but do no damage.
The ice beast is lightly wounded.
The ice beast struggles against the net.
You hit the ice beast.
You squeeze the ice beast, but do no damage.
The ice beast is moderately wounded.
The ice beast struggles against the net.
You hit the ice beast but do no damage.
The ice beast is moderately wounded.
The ice beast struggles against the net.
The net rips apart, and the ice beast comes free!
You closely miss the ice beast. Your squeeze misses the ice beast.
The ice beast is moderately wounded.
The ice beast misses you.
You hit the ice beast but do no damage. You squeeze the ice beast.
The ice beast is heavily wounded.
You hit the ice beast but do no damage.
The ice beast is heavily wounded.
The ice beast barely misses you.
You hit the ice beast but do no damage. You squeeze the ice beast!
The ice beast is severely wounded.
The ice beast barely misses you.
You hit the ice beast but do no damage.
The ice beast is severely wounded.
The ice beast barely misses you.
You barely miss the ice beast. Your squeeze misses the ice beast.
The ice beast is severely wounded.
The ice beast hits you.
* * * LOW HITPOINT WARNING * * *
The ice beast freezes you.
* * * LOW HITPOINT WARNING * * *
You hit the ice beast.
The ice beast is severely wounded.
The ice beast barely misses you.
You hit the ice beast but do no damage.
The ice beast is severely wounded.
The ice beast hits you.
* * * LOW HITPOINT WARNING * * *
The ice beast freezes you!
You die...

#............
#............#
#............#
#............#
#............#
##...........###
##..............##.
###...................
#####.......[..Y@...###....
#..........>..(....## ...
.........)..((....## ..
........$.((......## .
.................#..#
....Y...............#
.....................#
.....................#
.....................


You could see an ice beast.

Vanquished Creatures
  Eustachio (D:4)
  A phantom (D:4)
  2 gnoll sergeants
  A scorpion (D:5)
  2 hounds (D:5)
  An orc priest (D:3)
  2 orc wizards (D:3)
  A hound skeleton (D:5)
  4 adders
  13 gnolls
  An ufetubus (D:4)
  An adder skeleton (D:3)
  A worm (D:3)
  A dart slug (D:1)
  5 orcs
  9 endoplasms
  3 giant cockroaches
  8 goblins
  5 hobgoblins
  2 jackals (D:4)
  5 kobolds
  5 quokkas
  7 ball pythons
  11 bats
  4 frilled lizards
  11 rats
107 creatures vanquished.

Vanquished Creatures (others)
  A fungus (D:1)
  3 plants (D:1)
4 creatures vanquished.

Grand Total: 111 creatures vanquished

Notes
Turn   | Place    | Note
-------+----------+-------------------------------------------
     0 | D:1      | grumblor the Octopode Brigand began the quest for the Orb.
     0 | D:1      | Reached XP level 1. HP: 14/14 MP: 1/1
   274 | D:1      | Reached XP level 2. HP: 13/19 MP: 2/2
   378 | D:1      | Reached skill level 6 in Stealth
   539 | D:1      | Found a faded altar of an unknown god.
  1029 | D:2      | Reached XP level 3. HP: 12/24 MP: 3/3
  1318 | D:2      | Identified a scroll of acquirement
  1318 | D:2      | Acquired a +0 hat of see invisible
  1743 | D:2      | Reached skill level 7 in Stealth
  1743 | D:2      | Reached XP level 4. HP: 12/29 MP: 4/4
  2729 | D:3      | Found Nuqydes's Distillery.
  2755 | D:3      | Bought a potion of curing for 33 gold pieces
  3929 | D:3      | Reached XP level 5. HP: 35/35 MP: 6/6
  3945 | D:3      | Reached skill level 1 in Spellcasting
  4564 | D:3      | Reached skill level 8 in Stealth
  4582 | D:3      | Reached XP level 6. HP: 14/41 MP: 7/7
  5319 | D:4      | Noticed Eustachio
  5325 | D:4      | Killed Eustachio
  5326 | D:4      | Reached skill level 9 in Stealth
  5326 | D:4      | Reached XP level 7. HP: 46/46 MP: 9/9
  6089 | D:4      | Reached skill level 10 in Stealth
  6345 | D:5      | Entered Level 5 of the Dungeon
  6548 | D:5      | Reached skill level 11 in Stealth
  6861 | D:5      | Mangled by an ice beast

Illustrated notes

Levels and vault maps discovered:
D:1:      dpeg_arrival_subterranean_lakeside_camping, layout_loops_ring,
          dreamdust_ecumenical_altar_grove
D:2:      minmay_recursive_quarters, layout_loops_corners, serial_aquarium,
          aquarium_bridge_square [aquarium_subvault_balcony,
          aquarium_subvault_window, aquarium_subvault_bridge,
          aquarium_subvault_wall], aquarium_bridge_straight
          [aquarium_subvault_bridge, aquarium_subvault_window,
          aquarium_subvault_bridge, aquarium_subvault_window],
          aquarium_window_fake, aquarium_window_fake, aquarium_view_2e,
          aquarium_balcony_3b, aquarium_pool_split, minmay_vboxes
D:3:      layout_basic, serial_shops, nicolae_shop_advertising_works
          [nicolae_subvault_shop_adworks]
D:4:      layout_loops_cross, uniq_eustachio
D:5:      layout_cave_pods

Skill      XL: |  1  2  3  4  5  6  7 |
---------------+----------------------+-----
Stealth        | 6 7 8 9 11 | 11.0
Spellcasting   | 1 2 |  2.2
Dodging        | 2 |  2.7
Fighting       | 3 4 |  4.0
Short Blades   | |  2.0
Throwing       | |  2.0

Action                   |  1- 3 |  4- 6 |  7- 9 || total
-------------------------+-------+-------+-------++-------
Melee: Dagger            |    62 |    71 |    53 ||   186
       Constrict         |    12 |    12 |     7 ||    31
       Tentacles         |     4 |    16 |    13 ||    33
       Punch             |     1 |     1 |     1 ||     3
Throw: Dart              |       |     9 |    22 ||    31
       Throwing net      |       |       |     2 ||     2
  Use: Scroll            |     3 |     4 |     2 ||     9
 Stab: Sleeping          |    19 |    15 |     9 ||    43
       Distracted        |       |       |     2 ||     2
Armor: Skin              |     5 |     9 |     1 ||    15
Dodge: Dodged            |    18 |    45 |    34 ||    97

Table legend: (Time is in decaauts)
 A = Elapsed time spent in this place.
 B = Non-inter-level travel time spent in this place.
 C = Inter-level travel time spent in this place.
 D = Time resting spent in this place.
 E = Time spent auto-exploring this place.
 F = Levels seen in this place.
 G = Mean time per level.
                   A        B        C        D        E       F      G
               +--------+--------+--------+--------+--------+-----+--------+
         Total |   6843 |   6745 |     98 |   2766 |   3135 |   5 | 1368.6 |
       Dungeon |   6843 |   6745 |     98 |   2766 |   3135 |   5 | 1368.6 |
               +--------+--------+--------+--------+--------+-----+--------+

Top non-repeatable levels by time:
     D:2: 2642 daAuts
     D:3: 1675 daAuts
     D:4: 1222 daAuts
     D:1: 991 daAuts
     D:5: 312 daAuts
